 Dungeon Crawl Stone Soup version 0.21.1-1-g345015f (webtiles) character file.

43 inc the Magician (level 3, 0/14 HPs)
             Began as a Felid Wizard on Mar 1, 2018.
             Slain by a kobold
             ... wielding a +0 whip
              (4 damage)
             ... on level 2 of the Dungeon.
             The game lasted 00:02:41 (2103 turns).

inc the Magician (Felid Wizard)                     Turns: 2103, Time: 00:02:42

Health: 0/14       AC:  1    Str:  3    XL:     3   Next: 37%
Magic:  0/8        EV: 17    Int: 20    God:
Gold:   104        SH:  0    Dex: 14    Spells: 7/8 levels left
                                        Lives:  0   Deaths: 0

rFire    . . .     SeeInvis +   (weapon unavailable)
rCold    . . .     Gourm    .   (shield unavailable)
rNeg     . . .     Faith    .   (armour unavailable)
rPois    .         Spirit   .   (helmet unavailable)
rElec    .         Reflect  .   (cloak unavailable)
rCorr    .         Harm     .   (gloves unavailable)
MR       .....                  (boots unavailable)
Stlth    +++.......             (no amulet)
HPRegen  0.04/turn              (no ring)
MPRegen  0.11/turn              (no ring)

@: quick
A: very small, no armour, no weapons or thrown items, stealth, claws 1, fangs 3,
see invisible, carnivore, speed 1, shaggy fur 1, slow metabolism 1, sharp paws
a: no special abilities


You were on level 2 of the Dungeon.
You were not hungry.

You visited 1 branch of the dungeon, and saw 2 of its levels.

You collected 104 gold pieces.

Inventory:

Jewellery
 j - a +5 ring of dexterity {unknown}
Scrolls
 c - 2 scrolls of identify
 d - a scroll of fear
 e - 3 scrolls of remove curse
 f - a scroll of enchant armour {unknown}
 i - 2 scrolls of teleportation {unknown}
Potions
 g - 2 potions of brilliance {unknown}
 h - a potion of berserk rage {unknown}
 k - 2 potions of curing {unknown}
Books
 a - a book of Minor Magic

   Spells                             Type                      Level
   a - Magic Dart                     Conjuration                  1
   b - Blink                          Translocation                2
   c - Call Imp                       Summoning                    2
   d - Slow                           Hexes                        2
   e - Conjure Flame                  Conjuration/Fire             3
   f - Mephitic Cloud                 Conjuration/Poison/Air       3
Comestibles
 b - 4 rations


   Skills:
 - Level 2.6 Dodging
 - Level 2.6 Stealth
 - Level 3.0 Spellcasting
 + Level 3.0 Conjurations
   Level 1.0 Summonings
   Level 1.5 Translocations


You had 7 spell levels left.
You knew the following spells:

 Your Spells              Type           Power        Failure   Level  Hunger
a - Magic Dart            Conj           ###.         4%          1    None


Dungeon Overview and Level Annotations

Branches:
Dungeon (2/15)

Altars:
Trog

Annotations:
D:2 Sigmund


Innate Abilities, Weirdness & Mutations

You cannot wear armour.
You are incapable of wielding weapons or throwing items.
Your paws allow you to move quietly. (Stealth)
You have sharp claws.
You have razor-sharp teeth.
You have supernaturally acute eyesight. (SInv)
You are carnivorous and can eat meat at any time.
You cover ground quickly.
You are covered in fur. (AC +1)
You have a slow metabolism.
Your sharp claws are effective at attacking unaware monsters.


Message History

The kobold closely misses you.
You scratch the kobold but do no damage.
Your bite misses the kobold.
The kobold is severely wounded.
The kobold closely misses you.
You scratch the kobold but do no damage.
You bite the kobold, but do no damage.
The kobold is severely wounded.
The kobold hits you with a whip.
You scratch the kobold but do no damage.
The kobold is severely wounded.
The kobold barely misses you.
You scratch the kobold but do no damage.
The kobold is severely wounded.
The kobold hits you with a whip.
* * * LOW HITPOINT WARNING * * *
You barely miss the kobold.
The kobold is severely wounded.
The kobold hits you with a whip.
You die...

#...#.######.#.##
#...#.##........##
###.##.##.###.....########
#.........................
#.#.#.###.#####...########
#.#.......# #.###
#.###.##### #.# ........##
#.# #....#...# #@#
####...##...# #K#
#.....####..# #.#
#.......##.)# #.#
#._.....####.#
#..)##g..K.#.#
#..###..##.#.## ....
#..##....########## ......
.............†......


You could see a kobold.

Vanquished Creatures
  An adder (D:2)
  A dart slug (D:1)
  5 bats
  4 giant cockroaches
  2 goblins (D:1)
  5 hobgoblins
  2 jackals (D:1)
  2 kobolds (D:2)
  A quokka (D:2)
  A ball python (D:1)
  A frilled lizard (D:1)
  3 rats
28 creatures vanquished.

Notes
Turn   | Place    | Note
-------+----------+-------------------------------------------
     0 | D:1      | inc the Felid Wizard began the quest for the Orb.
     0 | D:1      | Reached XP level 1. HP: 7/7 MP: 5/5
    67 | D:1      | Reached skill level 1 in Conjurations
   374 | D:2      | Reached XP level 2. HP: 10/11 MP: 0/7
   634 | D:2      | Noticed Sigmund
  1748 | D:2      | Reached XP level 3. HP: 14/14 MP: 5/8
  2065 | D:2      | Found a bloodstained altar of Trog.
  2103 | D:2      | Slain by a kobold

Skill      XL: |  1  2  3 |
---------------+----------+-----
Conjurations   | 1 2 3 |  3.0
Dodging        | |  2.6
Stealth        | |  2.6
Spellcasting   | |  3.0
Summonings     | |  1.0
Translocations | |  1.5

Action                   || total
-------------------------++-------
Melee: Unarmed           ||    32
       Bite              ||     5
 Cast: Magic Dart        ||    89
  Use: Scroll            ||     2
 Stab: Sleeping          ||     1
  Eat: Chunk             ||     1
Armor: Skin              ||     2
Dodge: Dodged            ||    42
